 Dungeon Crawl Stone Soup version 0.30-a0-920-g7493c07aab (webtiles) character file.

Game seed: 5030392497941234951

252 avis the Ruffian (level 5, -3/61 HPs)
             Began as a Demigod Transmuter on Mar 22, 2023.
             Slain by an iguana (9 damage)
             ... on level 3 of the Dungeon.
             The game lasted 00:19:40 (3715 turns).

avis the Ruffian (Demigod Transmuter)               Turns: 3715, Time: 00:19:40

Health: -3/61      AC: 22    Str: 15    XL:     5   Next: 58%
Magic:  9/10       EV:  2    Int: 21    God:
Gold:   89         SH:  5    Dex: 14    Spells: 4/8 levels left

rFire   . . .      SeeInvis .    a - staff of poison
rCold   + . .      Faith    .    r - +1 buckler of Gluttony {rC+ Int+6}
rNeg    + . .      Spirit   .    z - melded +0 robe
rPois   +          Reflect  .    (helmet currently unavailable)
rElec   .          Rampage  .    (cloak currently unavailable)
rCorr   .          NoTele   +    (gloves currently unavailable)
Will    .....                    (boots currently unavailable)
Stlth   +                        (no amulet)
HPRegen 0.30/turn                f - ring of poison resistance
MPRegen 0.12/turn                e - ring of positive energy

@: tree-form
A: stationary, stasis, torment immunity, boosted hp, high MP 1, forlorn, divine
attributes
a: no special abilities


You were on level 3 of the Dungeon.
You were a tree.
You visited 1 branch of the dungeon, and saw 4 of its levels.

You collected 122 gold pieces.
You spent 33 gold pieces at shops.

Inventory:

Hand Weapons
 h - a +1 dagger of protection
 m - a +0 sling
 t - a +0 dagger of venom
Armour
 r - the +1 buckler of Gluttony (worn) {rC+ Int+6}
   (You found it on level 3 of the Dungeon)

   Int:       It affects your intelligence (+6).
   rC:        It protects you from cold.
 v - a +0 tower shield
 y - an orb of light
 z - a +0 robe (melded)
Magical Staves
 a - a staff of poison (weapon)
 b - a staff of cold
Jewellery
 e - a ring of positive energy (right branch)
 f - a ring of poison resistance (left branch)
Wands
 s - a wand of mindburst (13)
Scrolls
 c - 3 scrolls of fog {unknown}
 g - a scroll of enchant weapon {unknown}
 k - 5 scrolls of identify
 l - a scroll of vulnerability {unknown}
 n - a scroll of teleportation {unknown}
 o - a scroll of enchant armour {unknown}
 u - 3 scrolls of fear {unknown}
 x - a scroll of noise {unknown}
Potions
 d - 3 potions of curing {unknown}
 i - a potion of heal wounds {unknown}
 j - 3 potions of degeneration
 p - a potion of cancellation {unknown}
 w - a potion of invisibility {unknown}


   Skills:
 - Level 2.0 Fighting
 - Level 2.0 Dodging
 - Level 2.0 Shields
 - Level 5.0 Unarmed Combat
 - Level 2.0 Spellcasting
 - Level 2.0 Transmutations
 * Level 0.3 Poison Magic


You had 4 spell levels left.
You knew the following spells:

 Your Spells              Type           Power      Damage    Failure   Level
a - Beastly Appendage     Tmut           20%        N/A       9%          1
p - Spider Form           Tmut/Pois      10%        N/A       36%         3

Your spell library contained the following spells:

 Spells                   Type           Power      Damage    Failure   Level
 Wereblood                Tmut           10%        N/A       13%         2
 Ignite Poison            Fire/Tmut/Pois 8%         N/A       38%         3
 Kindle Blastsparks       Fire/Tloc/Air  4%         2d10      50%         3
 Ice Form                 Ice/Tmut       6%         N/A       77%         4
 Freezing Cloud           Conj/Ice/Air   1%         6-21      99%         5


Dungeon Overview and Level Annotations

Branches:
Dungeon (4/15)
 Temple: D:4-7

Shops:
D:3 *

Annotations:
D:1 6 gold pieces in glass case.


Innate Abilities, Weirdness & Mutations

You are a tree.
Your roots penetrate the ground, keeping you stationary.
You cannot be teleported.
You are immune to unholy pain and torment.
Your maximum health is greatly increased.
Your equipment is partially melded.
You have an increased reservoir of magic. (+10% MP)
You shall have no god before yourself.
Your divine heritage dramatically boosts your attributes as you level up.


Message History

There is a stone staircase leading down here.
You barely miss the gnoll. The iguana bites you!
The goblin completely misses you. The gnoll closely misses you.
You hit the gnoll.
The gnoll is poisoned.
The gnoll is moderately wounded.
The iguana completely misses you. The goblin hits you but does no damage.
The gnoll hits you with a +0 whip.
You barely miss the gnoll.
The gnoll is heavily wounded.
The iguana closely misses you. The goblin closely misses you.
The gnoll hits you with a +0 whip.
You hit the gnoll.
The gnoll looks as sick as possible!
The gnoll is heavily wounded.
Your transformation is almost over.
The iguana bites you!
* * * LOW HITPOINT WARNING * * *
The goblin misses you. The gnoll barely misses you.
The gnoll attacks as you move away! The gnoll closely misses you.
The goblin barely misses you. The gnoll hits you with a +0 whip!
* * * LOW HITPOINT WARNING * * *
The gnoll hits you with a +0 whip.
* * * LOW HITPOINT WARNING * * *
The gnoll closely misses you. The gnoll attacks as you move away!
The gnoll misses you.
You kill the gnoll!
Training target 2.0 for Transmutations reached!
Your Transmutations skill increases to level 2!
You need to enable at least one skill for training.
Really quaff the potion of lignification?
Your transformation has ended.
Your staff of poison unmelds from your body.
The +1 buckler of Gluttony {rC+ Int+6} unmelds from your body.
Your +0 robe unmelds from your body.
You turn into a tree.
Your +0 robe melds into your body.
Your roots penetrate the ground.
The iguana barely misses you.
You hit the iguana.
The iguana is lightly wounded.
The iguana bites you!
You die...

......#
#.#.......####......#.##
##.##.# #.#.#####†#...........#
#.##.# #.#.# #.#...........#
#.##.# #.#.# #.#......<....#
#.##.####.#.# #.#.........>.#
#.##........#####.............#
#.###.....#...................#
#.# #.#########.##.........####
#.# #.# #♣###.....#### #.# #.#
#l####.#..# #.###.# #g)#####..#
##.....## #####.#>####..#
........####.............#
######.........#####.##.## #
#........#.# #.##.#
#####.).####.#.# #<...#
...##...####.#.# #.####


You could see an iguana and a goblin.

Vanquished Creatures
  Jessica (D:2)
  3 orc wizards
  2 gnolls
  5 adders
  2 dart slugs
  10 orcs
  4 ball pythons
  4 endoplasms
  3 giant cockroaches
  10 hobgoblins
  5 jackals
  4 kobolds
  3 quokkas
  5 bats
  5 frilled lizards
  5 goblins
  3 rats
74 creatures vanquished.

Notes
Turn   | Place    | Note
-------+----------+-------------------------------------------
     0 | D:1      | avis the Demigod Transmuter began the quest for the Orb.
     0 | D:1      | Reached XP level 1. HP: 15/15 MP: 5/5
    43 | D:1      | Reached skill level 3 in Unarmed Combat
   111 | D:1      | Reached XP level 2. HP: 22/22 MP: 4/7
  1162 | D:2      | Reached skill level 4 in Unarmed Combat
  1162 | D:2      | Reached XP level 3. HP: 12/27 MP: 8/8
  1236 | D:2      | Learned a level 3 spell: Spider Form
  1272 | D:2      | Reached skill level 1 in Fighting
  1893 | D:2      | Noticed Jessica
  1927 | D:2      | Killed Jessica
  1928 | D:2      | Reached XP level 4. HP: 36/36 MP: 5/9
  2468 | D:3      | Found Xeusuala's General Store.
  2486 | D:3      | Bought a potion of degeneration for 11 gold pieces
  2486 | D:3      | Bought a scroll of identify for 22 gold pieces
  2567 | D:3      | Identified the +1 buckler of Gluttony {rC+ Int+6}
  2640 | D:3      | Reached skill level 5 in Unarmed Combat
  2640 | D:3      | Reached XP level 5. HP: 26/41 MP: 6/10
  2913 | D:3      | Reached skill level 1 in Shields
  3715 | D:3      | Slain by an iguana

Illustrated notes

Levels and vault maps discovered:
D:1:      scummos_arrival_simple_fountains, layout_loops_corners,
          item_on_display_a
D:2:      layout_loops_cross, shapermc_ecumenical_altar_hornbeckon,
          kennysheep_generic_room_13, uniq_jessica
D:3:      layout_loops_ring, serial_shops, shop, wad_floor_pattern_untrapped
D:4:      layout_cave_pools, serial_glass, glass_columns_b, glass_columns_c,
          uniq_robin, uniq_blork_the_orc

Skill      XL: |  1  2  3  4  5 |
---------------+----------------+-----
Unarmed Combat | 3 4 5 |  5.0
Fighting       | 2 |  2.0
Dodging        | 2 |  2.0
Shields        | 2 |  2.0
Spellcasting   | 2 |  2.0
Transmutations | 2 |  2.0
Poison Magic   | |  0.3

Action                     |  1- 3 |  4- 6 || total
---------------------------+-------+-------++-------
  Melee: Unarmed           |   115 |    65 ||   180
         Headbutt          |     8 |     5 ||    13
         Kick              |    19 |     7 ||    26
         Staff             |       |     4 ||     4
   Cast: Beastly Appendage |    29 |     9 ||    38
         Spider Form       |     2 |    11 ||    13
    Use: Potion            |       |     1 ||     1
   Stab: Sleeping          |     6 |     1 ||     7
 Armour: Robe              |    14 |     9 ||    23
         Skin              |     1 |     2 ||     3
  Dodge: Dodged            |    58 |    65 ||   123
  Block: Buckler           |       |     3 ||     3

Table legend: (Time is in decaauts)
 A = Elapsed time spent in this place.
 B = Non-inter-level travel time spent in this place.
 C = Inter-level travel time spent in this place.
 D = Time resting spent in this place.
 E = Time spent auto-exploring this place.
 F = Levels seen in this place.
 G = Mean time per level.
                   A        B        C        D        E       F      G
               +--------+--------+--------+--------+--------+-----+--------+
         Total |   3716 |   3294 |    422 |    691 |   1836 |   4 |  929.0 |
       Dungeon |   3716 |   3294 |    422 |    691 |   1836 |   4 |  929.0 |
               +--------+--------+--------+--------+--------+-----+--------+

Top non-repeatable levels by time:
     D:2: 1286 daAuts
     D:3: 1254 daAuts
     D:1: 1122 daAuts
     D:4: 54 daAuts
